AoeStats
← b站江条

Arabia

508369962Analyzed
1v1 RM · 10d ago on Sep 22, 2026· 50m 9s· 2 players
Game mode
Random Map
Map size
Tiny (2 player)
Population
200
Speed
Normal
Resources
Standard
Victory
Conquest
Starting age
Dark Age
Ending age
Imperial Age
RankedLock teamsTeams togetherTeam positionsShared explorationLock speedFull tech treeHidden civsTurbo modeCheats
Victory
Defeat
🇯🇵 Goths · Japan
1508
+14
🇨🇳 Maya · China
1472
-14
b站江条
0:29 Loom
8:28 Feudal Age
11:33 Double-Bit Axe
16:20 Wheelbarrow
19:22 Fletching
21:47 Castle Age
20:16 Fletching
20:22 Gold Mining
22:40 Bodkin Arrow
23:53 Hand Cart
23:49 Bow Saw
24:18 Crossbowman
31:50 Town Watch
34:45 Imperial Age
32:27 Horse Collar
33:14 Ballistics
33:56 Padded Archer Armor
33:57 Heavy Plow
36:18 Bracer
36:41 Stone Mining
38:07 Two-Man Saw
37:39 Crop Rotation
37:43 Conscription
37:42 Guilds
39:01 Chemistry
38:21 Leather Archer Armor
40:31 Stone Shaft Mining
40:01 Elite Plumed Archer
43:06 Ring Archer Armor
42:37 Scale Mail Armor
42:47 Forging
42:01 Eagle Warrior
42:42 Squires
45:31 Holcans
44:25 Elite Eagle Warrior
45:21 Chain Mail Armor
46:50 Masonry
46:21 Treadmill Crane
48:32 Iron Casting
48:27 Plate Mail Armor
48:49 Architecture
48:52 Town Patrol
76561198408979116
6:24 Loom
8:43 Feudal Age
9:44 Double-Bit Axe
13:11 Fletching
20:20 Wheelbarrow
19:47 Padded Archer Armor
24:08 Castle Age
25:33 Bloodlines
25:18 Elite Skirmisher
26:08 Bodkin Arrow
26:29 Leather Archer Armor
28:56 Town Watch
30:42 Bow Saw
32:18 Horse Collar
39:52 Imperial Age
37:32 Heavy Plow
38:05 Anarchy
38:44 Squires
38:49 Scale Mail Armor
39:57 Gold Mining
39:58 Stone Mining
40:52 Chain Mail Armor
41:49 Elite Huskarl
42:53 Conscription
43:28 Forging
44:53 Capped Ram
49:36 Iron Casting
Connection lost

Rejoining the realm…

Still unreachable

The connection could not be restored.

Session expired

The server has moved on; the page needs a fresh start.